 Dungeon Crawl Stone Soup version 0.29-a0-219-g0a02b1cf4f (webtiles) character file.

Game seed: 15631156230814413571

181 sammy202020 the Skirmisher (level 5, -3/44 HPs)
             Began as a Palentonga Fighter on Feb 26, 2022.
             Slain by Grinder (6 damage)
             ... on level 3 of the Dungeon.
             The game lasted 00:06:40 (2524 turns).

sammy202020 the Skirmisher (Palentonga Fighter)     Turns: 2524, Time: 00:06:40

Health: -3/44      AC:  7    Str: 21    XL:     5   Next: 34%
Magic:  5/5        EV:  7    Int:  8    God:
Gold:   135        SH:  9    Dex: 10    Spells: 4/4 levels left

rFire   . . .      SeeInvis +   a - +0 flail
rCold   . . .      Faith    .   c - +0 buckler
rNeg    . . .      Spirit   .   b - +0 scale mail
rPois   .          Reflect  +   (no helmet)
rElec   .          Harm     .   i - +0 cloak
rCorr   .          Rampage  .   (no gloves)
Will    .....                   (no barding)
Stlth   ..........              h - amulet of reflection
HPRegen 0.14/turn               (no ring)
MPRegen 0.09/turn               (no ring)

@: no status effects
A: large, rugged brown scales 3, see invisible, deformed body, roll 1, armoured
tail
a: Rolling Charge


You were on level 3 of the Dungeon.
You visited 1 branch of the dungeon, and saw 3 of its levels.

You collected 135 gold pieces.

Inventory:

Hand Weapons
 a - a +0 flail (weapon)
 l - the +8 falchion of Zin {freeze, Drain Dex+6 SInv}
   (You found it on level 2 of the Dungeon)

   It freezes those it strikes, dealing additional cold damage.
   It can also slow down cold-blooded creatures.
   Dex:       It affects your dexterity (+6).
   SInv:      It lets you see invisible.
   Drain:     It drains your maximum health when unequipped.
Armour
 b - a +0 scale mail (worn)
 c - a +0 buckler (worn)
 i - a +0 cloak (worn)
Jewellery
 h - an amulet of reflection (around neck)
 n - a ring of wizardry
Scrolls
 q - a scroll of teleportation
Potions
 d - a potion of might
 e - 3 potions of berserk rage
 f - a potion of lignification
 g - a potion of brilliance {unknown}
 j - a potion of resistance {unknown}
 k - a potion of invisibility {unknown}
 m - a potion of degeneration {unknown}
 o - a potion of haste {unknown}
 p - a potion of curing {unknown}


   Skills:
 + Level 3.8 Fighting
 + Level 3.0 Maces & Flails
 + Level 3.1 Armour
 + Level 1.4 Dodging
 + Level 3.1 Shields


You had 4 spell levels left.
You didn't know any spells.
Your spell library contained the following spells:

 Spells                   Type           Power      Damage    Failure   Level
 Pain                     Necr           0%         1d4       82%         1
 Corpse Rot               Necr/Air       0%         N/A       91%         2
 Poisonous Vapours        Pois/Air       0%         N/A       91%         2
 Inner Flame              Hex/Fire       0%         N/A       99%         3
 Cause Fear               Hex            0%         N/A       100%        4
 Dispel Undead            Necr           0%         3d6       100%        4
 Agony                    Necr           0%         N/A       100%        5
 Borgnjor's Vile Clutch   Necr/Erth      0%         N/A       100%        5
 Excruciating Wounds      Necr           0%         N/A       100%        5
 Discord                  Hex            0%         N/A       100%        8


Dungeon Overview and Level Annotations

Branches:
Dungeon (3/15)

Altars:

Annotations:
D:3 Grinder


Innate Abilities, Weirdness & Mutations

You are completely covered in rugged brown scales. (AC +3, +7% HP)
You have supernaturally acute eyesight. (SInv)
Armour fits poorly on your strangely shaped body.
You can roll at nearby foes to attack.
You have a long armoured tail.


Message History

You barely miss the endoplasm. You block the endoplasm's attack.
You hit the endoplasm.
You kill the endoplasm!
Unknown command.
You thump Grinder!
Grinder is moderately wounded.
Grinder hits you.
You writhe in agony.
Grinder barely misses you.
You barely miss Grinder.
Grinder is moderately wounded.
You block Grinder's attack.
You hit Grinder but do no damage.
Grinder is moderately wounded.
Grinder hits you but does no damage.
You hit Grinder.
Grinder is moderately wounded.
Grinder gestures at you. Pain shoots through your body!
You block Grinder's attack.
You barely miss Grinder.
Grinder is moderately wounded.
Grinder hits you.
You writhe in agony.
You hit Grinder.
Grinder is heavily wounded.
Grinder hits you.
* * * LOW HITPOINT WARNING * * *
You writhe in agony.
* * * LOW HITPOINT WARNING * * *
Grinder gestures at you.
You barely resist.
Okay, then.
You hit Grinder but do no damage.
Grinder is heavily wounded.
Grinder says, "You look like you could use a good racking."
Grinder gestures at you.
You barely resist. You barely miss Grinder.
Grinder is heavily wounded.
Grinder hits you!
* * * LOW HITPOINT WARNING * * *
You writhe in agony.
You die...

##.............
##....########
##...# . ##..## ..
#...# .# ##..# .###
#).# ### ....# #..#
##.#####.....#
#..###.....@5......
#.......#####.....#
##.........# ....#
#..######.# .###
...... # # #######


You could see Grinder.

Vanquished Creatures
  A black bear (D:3)
  An orc wizard (D:3)
  2 orcs (D:3)
  11 endoplasms
  A giant cockroach (D:1)
  12 goblins
  A quokka (D:1)
  7 ball pythons
  6 bats
  5 frilled lizards
  5 kobolds
  6 rats
58 creatures vanquished.

Vanquished Creatures (others)
  7 plants (D:1)
7 creatures vanquished.

Grand Total: 65 creatures vanquished

Notes
Turn   | Place    | Note
-------+----------+-------------------------------------------
     0 | D:1      | sammy202020 the Palentonga Fighter began the quest for the
                  | Orb.
     0 | D:1      | Reached XP level 1. HP: 19/19 MP: 1/1
   483 | D:1      | Reached XP level 2. HP: 18/25 MP: 2/2
  1216 | D:2      | Reached XP level 3. HP: 31/31 MP: 3/3
  1563 | D:2      | Identified the +2 ring mail of a bazaar {*Corrode Will+
                  | Str+2 Dex+2}
  1672 | D:2      | Identified the +8 falchion of Zin {freeze, Drain Dex+6
                  | SInv}
  1710 | D:2      | Got Cizxadeu's Handbook of Evil
  1732 | D:2      | Found a faded altar of an unknown god.
  2146 | D:3      | Noticed a black bear
  2148 | D:3      | Killed a black bear
  2149 | D:3      | Reached skill level 1 in Dodging
  2149 | D:3      | Reached XP level 4. HP: 39/39 MP: 4/4
  2149 | D:3      | Reached XP level 5. HP: 44/44 MP: 5/5
  2506 | D:3      | Noticed Grinder
  2524 | D:3      | Slain by Grinder

Illustrated notes

Levels and vault maps discovered:
D:1:      giann_bridges, layout_basic, serial_bayou, serial_bayou_pond_c,
          serial_bayou_lake_a, serial_bayou_lagoon_a, serial_bayou_shore_b
D:2:      layout_basic, chequers_ecumenical_altar_lobes
D:3:      layout_loops_ring, trog_hazing_becter, uniq_grinder

Skill      XL: |  1  2  3  4  5 |
---------------+----------------+-----
Armour         | 3 |  3.1
Dodging        | 1 |  1.4
Shields        | 3 |  3.1
Maces & Flails | 3 |  3.0
Fighting       | |  3.8

Action                   |  1- 3 |  4- 6 || total
-------------------------+-------+-------++-------
Melee: Flail             |   107 |    44 ||   151
       Tailslap          |    10 |     5 ||    15
 Abil: Rolling Charge    |     7 |     1 ||     8
  Use: Scroll            |     5 |     1 ||     6
Armor: Scale mail        |    50 |    14 ||    64
Dodge: Dodged            |    18 |    12 ||    30
Block: Buckler           |    34 |    21 ||    55

Table legend: (Time is in decaauts)
 A = Elapsed time spent in this place.
 B = Non-inter-level travel time spent in this place.
 C = Inter-level travel time spent in this place.
 D = Time resting spent in this place.
 E = Time spent auto-exploring this place.
 F = Levels seen in this place.
 G = Mean time per level.
                   A        B        C        D        E       F      G
               +--------+--------+--------+--------+--------+-----+--------+
         Total |   2621 |   2581 |     40 |    275 |   1652 |   3 |  873.7 |
       Dungeon |   2621 |   2581 |     40 |    275 |   1652 |   3 |  873.7 |
               +--------+--------+--------+--------+--------+-----+--------+

Top non-repeatable levels by time:
     D:1: 1284 daAuts
     D:2: 852 daAuts
     D:3: 485 daAuts
